 Seeded DCSS version 0.29-a0-397-g846e4a0bbc (webtiles) character file.

Game seed: 14875320075521095149 (custom seed)

1589 zeratav the Geomancer (level 8, 0/50 HPs)
             Began as an Octopode Earth Elementalist on May 11, 2022.
             Was an Initiate of Gozag.
             Shot with a sling bullet by Joseph (25 damage)
             ... on level 7 of the Dungeon.
             The game lasted 00:13:38 (6936 turns).

zeratav the Geomancer (Octopode Earth Elementalist) Turns: 6936, Time: 00:13:38

Health: 0/50       AC:  1    Str:  7    XL:     8   Next: 92%
Magic:  17/17      EV: 13    Int: 19    God:    Gozag
Gold:   356        SH:  0    Dex: 13    Spells: 15/19 levels left

rFire   . . .      SeeInvis .   w - +4 whip (elec) {mace}
rCold   . . .      Faith    .   (no shield)
rNeg    . . .      Spirit   .   (helmet restricted)
rPois   .          Reflect  .   (no amulet)
rElec   .          Harm     .   (no ring)
rCorr   .          Rampage  .   (no ring)
Will    +....                   (no ring)
Stlth   +++.......              (no ring)
HPRegen 0.16/turn               (no ring)
MPRegen 0.15/turn               (no ring)
                                (no ring)
                                (no ring)

@: no status effects
A: almost no armour, amphibious, 8 rings, camouflage 1, gelatinous body 1,
(nimble swimmer 1), tentacles, strong-willed 1, robust 1
a: Renounce Religion, Potion Petition, Call Merchant, Bribe Branch


You were on level 7 of the Dungeon.
You worshipped Gozag.
Gozag was aware of your devotion.
You visited 2 branches of the dungeon, and saw 8 of its levels.

You collected 454 gold pieces.
You paid 98 gold pieces to Gozag.


Innate Abilities, Weirdness & Mutations

You cannot wear most types of armour.
You are amphibious.
You can wear up to eight rings at the same time.
Your skin changes colour to match your surroundings (Stealth+).
Your rubbery body absorbs attacks. (AC +1, EV +1)
((You are camouflaged when in or above water. (Stealth+)))
You have tentacles for arms and can constrict up to eight enemies at once.
You are strong-willed. (Will+)
You are robust. (+10% HP)


   Skills:
 - Level 2.0 Dodging
 - Level 2.6 Stealth
 - Level 6.0 Spellcasting
 - Level 1.0 Transmutations
 * Level 9.5 Earth Magic


You had 15 spell levels left.
You knew the following spells:

 Your Spells              Type           Power      Damage    Failure   Level
a - Sandblast             Erth           84%        2d18      1%          1
b - Stone Arrow           Conj/Erth      46%        3d9       4%          3

Your spell library contained the following spells:

 Spells                   Type           Power      Damage    Failure   Level
 Passwall                 Tmut/Erth      20%        N/A       1%          2
 Foxfire                  Conj/Fire      20%        2x1d5     11%         1
 Shock                    Conj/Air       20%        1d4       11%         1
 Petrify                  Tmut/Erth      25%        N/A       13%         4
 Corpse Rot               Necr/Air       10%        N/A       17%         2
 Poisonous Vapours        Pois/Air       10%        N/A       17%         2
 Conjure Flame            Conj/Fire      5%         6-21      32%         3
 Inner Flame              Hex/Fire       5%         N/A       32%         3
 Swiftness                Air            5%         N/A       32%         3
 Airstrike                Air            2%         N/A       73%         4
 Flame Wave               Conj/Fire      5%         2d5       73%         4
 Statue Form              Tmut/Erth      16%        N/A       89%         6
 Alistair's Intoxication  Tmut/Pois      4%         N/A       94%         5
 Yara's Violent Unravell  Hex/Tmut       3%         3d4       94%         5

Inventory:

Hand Weapons
 f - a +4 dagger of venom {short}
   (You took it off a kobold on level 1 of the Dungeon)
 w - a +4 whip of electrocution (weapon) {mace}
   (You took it off an orc on level 5 of the Dungeon)
Missiles
 a - 52 stones {throwing}
Armour
 o - a +2 kite shield of protection
   (You found it on level 2 of the Dungeon)
Jewellery
 B - an amulet of faith {!P}
   (You found it on level 6 of the Dungeon)
Wands
 v - a wand of polymorph (8)
   (You found it on level 4 of the Dungeon)
 y - a wand of paralysis (10)
   (You found it on level 5 of the Dungeon)
 C - a wand of flame (25)
   (You took it off a wight on level 6 of the Dungeon)
Scrolls
 d - 2 scrolls of poison {!r}
 h - a scroll of enchant armour {unknown}
 n - 3 scrolls of teleportation {@r4}
 p - a scroll of immolation {unknown}
 q - 2 scrolls of fog {unknown}
 r - a scroll of vulnerability {unknown}
 s - 2 scrolls of fear {unknown}
 t - 3 scrolls of blinking {!r}
 z - 2 scrolls of enchant weapon {unknown}
 A - a scroll of brand weapon {unknown}
Potions
 b - a potion of magic
 c - 4 potions of haste {@q3}
 g - a potion of invisibility {unknown}
 i - 3 potions of heal wounds {@q2}
 j - 2 potions of flight {unknown}
 k - 7 potions of curing {@q1}
 l - 2 potions of mutation {!q}
 m - 2 potions of attraction {unknown}
 u - a potion of ambrosia {unknown}
 x - a potion of brilliance {unknown}

Dungeon Overview and Level Annotations

Branches:
Dungeon (7/15)             Temple (1/1) D:6

Altars:
Ashenzari
Cheibriados
Dithmenos
Elyvilon
Fedhas
Gozag
Hepliaklqana
Makhleb
Nemelex Xobeh
Okawaru
Ru
Sif Muna
Trog
Uskayaw
Wu Jian
Xom
Zin
The Shining One

Shops:
D:4 (

Annotations:
D:7 Joseph

##..#......##
#...........#
#<#..........#
#.#..........# .
###.#..........#
(.##:..#..........#
..................#
.................##
........@........#
....$.............
.......<..........
..............@.).
$..)..............
..................
...............O.
.........#......
###############


You could see Joseph and an ogre (asleep).


Message History

Casting: Stone Arrow (dangerous; 4% risk of failure)
Confirm with . or Enter, or press ? or * to list all spells.
Aiming: Stone Arrow (dangerous; 4% risk of failure)
Press: ? - help, Shift-Dir - straight line, f/p - hound
Aim: a hound (60% to hit)
The stone arrow misses the hound.
The hound misses you.
Your magical contamination has completely faded away.
MP[-3]
You lost 3 mp, and now have 5/16 mp.
You barely miss the hound. Your grab misses the hound. The hound bites you.
HP[-6]
You take 6 damage, and now have 33/50 hp.
You closely miss the hound. Your grab misses the hound.
The hound closely misses you.
The hound is distracted by your dazzling golden aura.
HP[+1]
You closely miss the hound.
The hound is no longer distracted by gold.
The hound barks!
You grab the hound.
You squeeze the hound, but do no damage.
You constrict the hound.
The hound is distracted by your dazzling golden aura.
A phantom comes into view.
The hound barks!
You hit the hound. Lightning courses through the hound!
The hound is no longer distracted by gold.
You constrict the hound, but do no damage.
The hound bites you.
HP[-2] MP[+1]
You take 2 damage, and now have 32/50 hp.
You hit the hound.
You kill the hound!
There is a stone staircase leading up here.
You climb upwards.
There is a stone staircase leading down here.
HP[+1]
You start resting.
HP[+10] MP[+10]
You regained 10 hp, and now have 43/50 hp.
Your mp is fully restored (16).
You start resting.
HP[+7]
Your hp is fully restored (50).
You climb downwards.
Level annotation: Joseph
There is a stone staircase leading up here.
Casting: Stone Arrow (dangerous; 4% risk of failure)
Confirm with . or Enter, or press ? or * to list all spells.
Aiming: Stone Arrow (dangerous; 4% risk of failure)
Press: ? - help, Shift-Dir - straight line, f - phantom
Aim: a phantom (60% to hit)
The stone arrow hits the phantom!!
The phantom closely misses you.
MP[-3]
You lost 3 mp, and now have 13/16 mp.
Casting: Stone Arrow (dangerous; 4% risk of failure)
Confirm with . or Enter, or press ? or * to list all spells.
Aiming: Stone Arrow (dangerous; 4% risk of failure)
Press: ? - help, Shift-Dir - straight line, f/p - phantom
Aim: a phantom (severely damaged, 60% to hit)
The stone arrow hits the phantom!!
You destroy the phantom!
Training target 6.0 for Spellcasting reached!
Your Spellcasting skill increases to level 6!
MP[-3]
You lost 3 mp, and now have 10/17 mp.
You now have 296 gold pieces (gained 5).
You now have 301 gold pieces (gained 5).
MP[+1]
There is a stone staircase leading up here.
You start resting.
MP[+6]
Your mp is fully restored (17).
You start waiting.
Done waiting.
You now have 307 gold pieces (gained 6).
You see here a +0 helmet.
e - a scroll of identify {@r1} You see here a +0 helmet.
You now have 323 gold pieces (gained 16).
As you read the scroll of identify {@r1}, it crumbles to dust.
d - 2 scrolls of poison
Found a stone staircase leading down.
You now have 342 gold pieces (gained 19).
You now have 356 gold pieces (gained 14).
Joseph shoots a sling bullet.
The sling bullet hits you!
HP[-15]
You take 15 damage, and now have 35/50 hp.
MASSIVE DAMAGE!! (PAUSE) Joseph zaps a wand.
You resist with almost no effort.
The now-empty wand crumbles to dust.
Joseph shoots a sling bullet.
The sling bullet hits you!
* * * LOW HITPOINT WARNING * * *
There is a stone staircase leading up, spattered with blood here.
HP[-10]
You take 10 damage, and now have 25/50 hp.
Joseph shoots a sling bullet.
The sling bullet hits you!!
Ouch! That really hurt!
You die...
Your body crumbles into a pile of gold.

Skill      XL: |  1  2  3  4  5  6  7  8 |
---------------+-------------------------+-----
Earth Magic    | 4 5 6 7 9 |  9.5
Spellcasting   | 3 4 5 6 |  6.0
Dodging        | |  2.0
Stealth        | |  2.6
Transmutations | |  1.0

Action                   |  1- 3 |  4- 6 |  7- 9 || total
-------------------------+-------+-------+-------++-------
Melee: Unarmed           |     5 |       |       ||     5
       Dagger            |    44 |    60 |       ||   104
       Constrict         |    10 |    12 |     5 ||    27
       Tentacles         |    11 |    10 |     3 ||    24
       Punch             |       |     2 |       ||     2
       Whip              |       |     5 |    21 ||    26
 Cast: Sandblast         |     4 |    36 |    15 ||    55
       Stone Arrow       |       |     4 |    37 ||    41
  Use: Potion            |     1 |       |       ||     1
       Scroll            |       |       |     6 ||     6
 Stab: Sleeping          |     6 |    13 |       ||    19
       Distracted        |     1 |       |       ||     1
Armor: Skin              |     4 |     6 |       ||    10
Dodge: Dodged            |    24 |    34 |    18 ||    76

Levels and vault maps discovered:
D:1:      mushboom_english_gardens, layout_rooms, shapermc_ecumenical_altar_gd
D:2:      layout_loops_cross, nicolae_elevator_lobby_plus, uniq_natasha
D:3:      layout_basic, mainiacjoe_overflow_concentric_impassable
D:4:      layout_loops_ring, serial_shops, nicolae_shop_stone
D:5:      layout_loops_cross, mainiacjoe_overflow_catch_the_wave,
          wad_woods_river_04
D:6:      layout_loops_corners, old_standard_altar,
          nicolae_wu_jian_immortal_techniques,
          minmay_temple_entry_statues_pillars, wad_floor_pattern_1
D:7:      layout_rooms, st_stairs_1, kennysheep_nondescript,
          corexii_item_surrounded_by_moat, hex_medium, uniq_joseph
Temple:   eino_temple_rhombus

Notes
Turn   | Place    | Note
-------+----------+-------------------------------------------
     0 | D:1      | zeratav the Octopode Earth Elementalist began the quest for
                  | the Orb.
     0 | D:1      | Reached XP level 1. HP: 11/11 MP: 3/3
     0 | D:1      | magus.rc [v1.9.6]
    55 | D:1      | Gained mutation: You are strong-willed. (Will+) [potion of
                  | mutation]
    55 | D:1      | Gained mutation: You are robust. (+10% HP) [potion of
                  | mutation]
   270 | D:1      | Reached XP level 2. HP: 18/18 MP: 5/5
   573 | D:1      | You pick up a book of Vapours and begin reading...
   573 | D:1      | You add the spells Poisonous Vapours and Corpse Rot to your
                  | library.
   574 | D:1      | Found a faded altar of an unknown god.
   587 | D:1      | Reached XP level 3. HP: 22/23 MP: 6/6
   983 | D:2      | Reached skill level 4 in Earth Magic
  1061 | D:2      | Noticed Natasha
  1065 | D:2      | Killed Natasha
  1066 | D:2      | Reached XP level 4. HP: 29/29 MP: 6/8
  1109 | D:2      | Noticed Natasha
  1116 | D:2      | Killed Natasha
  1288 | D:2      | Noticed Natasha
  1296 | D:2      | Killed Natasha
  1297 | D:2      | Reached skill level 3 in Spellcasting
  1378 | D:2      | Reached XP level 5. HP: 31/34 MP: 9/9
  2033 | D:3      | Reached skill level 5 in Earth Magic
  2431 | D:3      | Learned a level 3 spell: Stone Arrow
  2573 | D:3      | Found a shadowy altar of Dithmenos.
  2802 | D:4      | Found Hinaabuo's Antique Weapon Shoppe.
  3095 | D:4      | You pick up a book of Flames and begin reading...
  3095 | D:4      | You add the spells Foxfire, Conjure Flame, Inner Flame and
                  | Flame Wave to your library.
  3289 | D:4      | Reached XP level 6. HP: 35/39 MP: 11/11
  3448 | D:4      | You pick up a book of Air and begin reading...
  3448 | D:4      | You add the spells Shock, Swiftness and Airstrike to your
                  | library.
  3488 | D:5      | Entered Level 5 of the Dungeon
  3582 | D:5      | You pick up a book of Air and begin reading...
  3699 | D:5      | Reached skill level 6 in Earth Magic
  4101 | D:5      | You add the spells Yara's Violent Unravelling, Alistair's
                  | Intoxication and Statue Form to your library.
  4101 | D:5      | Got the Almanac of Unstable Clay
  4144 | D:5      | Reached skill level 4 in Spellcasting
  4227 | D:5      | Reached XP level 7. HP: 45/45 MP: 9/13
  4256 | D:5      | Found a burning altar of Makhleb.
  4410 | D:5      | Found an iron altar of Okawaru.
  4650 | D:6      | Reached skill level 7 in Earth Magic
  5067 | D:6      | Found an ornate altar of the Wu Jian Council.
  5272 | D:6      | Reached skill level 5 in Spellcasting
  5272 | D:6      | Reached XP level 8. HP: 41/50 MP: 9/15
  5273 | D:6      | Reached skill level 8 in Earth Magic
  5391 | D:6      | Found a hide-covered altar of Uskayaw.
  5518 | D:6      | Found a staircase to the Ecumenical Temple.
  5524 | Temple   | Entered the Ecumenical Temple
  5612 | Temple   | Became a worshipper of Gozag Ym Sagoz the Greedy
  6012 | D:6      | Reached skill level 9 in Earth Magic
  6435 | D:7      | Noticed Joseph
  6706 | D:7      | Reached skill level 6 in Spellcasting
  6936 | D:7      | Shot with a sling bullet by Joseph

Vanquished Creatures
  An orc warrior (D:6)
  An ogre (D:7)
  A centaur (D:6)
  3 phantoms
  A bullfrog (D:6)
  A necrophage (D:6)
  2 scorpions (D:5)
  5 wights (D:6)
  5 hounds
  A jelly (D:5)
  A gnoll shaman (D:6)
  3 iguanas
  An orc wizard (D:6)
  Natasha (thrice) (D:2)
  7 gnolls
  6 adders
  A white imp (D:6)
  2 ufetubi
  2 worms (D:2)
  2 dart slugs
  7 orcs
  10 endoplasms
  5 giant cockroaches
  2 hobgoblins (D:2)
  10 jackals
  2 kobolds
  4 quokkas
  5 ball pythons
  4 bats
  3 frilled lizards
  5 goblins
  4 rats
110 creatures vanquished.

Vanquished Creatures (others)
  3 demonic plants (D:1)
  A withered plant (D:1)
4 creatures vanquished.

Grand Total: 114 creatures vanquished

Table legend:
 A = Non-vault XP
 B = Vault XP
 C = Vault XP percentage of total XP
 D = Non-vault monster count
 E = Vault monster count
 F = Vault count percentage of total count
                 A         B        C        D         E       F
            +---------+---------+-------+---------+---------+-------
      Total |    2234 |      36 |   1.6 |     109 |       1 |   0.9
            +---------+---------+-------+---------+---------+-------
        D:1 |      43 |       0 |   0.0 |      24 |       0 |   0.0
        D:2 |     110 |      36 |  24.7 |      18 |       1 |   5.3
        D:3 |      61 |       0 |   0.0 |      12 |       0 |   0.0
        D:4 |     119 |       0 |   0.0 |      12 |       0 |   0.0
        D:5 |     442 |       0 |   0.0 |      16 |       0 |   0.0
        D:6 |    1161 |       0 |   0.0 |      23 |       0 |   0.0
        D:7 |     298 |       0 |   0.0 |       4 |       0 |   0.0
            +---------+---------+-------+---------+---------+-------

Illustrated notes

Table legend:
 A = Kills in this place as a percentage of kills in entire the game.
 B = Kills by you in this place as a percentage of kills by you in the entire game.
 C = Kills by friends in this place as a percentage of kills by friends in the entire game.
 D = Other kills in this place as a percentage of other kills in the entire game.
 E = Experience gained in this place as a percentage of experience gained in the entire game.
 F = Experience gained in this place divided by the number of levels of this place that you have seen.
                   A       B       C       D       E      F
               +-------+-------+-------+-------+-------+----------------------
         Total | 100.0 | 100.0 |   N/A |   N/A | 100.0 | 283.8
       Dungeon | 100.0 | 100.0 |   N/A |   N/A | 100.0 | 324.3
               +-------+-------+-------+-------+-------+----------------------

Table legend: (Time is in decaauts)
 A = Elapsed time spent in this place.
 B = Non-inter-level travel time spent in this place.
 C = Inter-level travel time spent in this place.
 D = Time resting spent in this place.
 E = Time spent auto-exploring this place.
 F = Levels seen in this place.
 G = Mean time per level.
                   A        B        C        D        E       F      G
               +--------+--------+--------+--------+--------+-----+--------+
         Total |   6944 |   6641 |    303 |   1493 |   3828 |   8 |  868.0 |
       Dungeon |   6846 |   6558 |    288 |   1493 |   3753 |   7 |  978.0 |
        Temple |     98 |     83 |     15 |      0 |     75 |   1 |   98.0 |
               +--------+--------+--------+--------+--------+-----+--------+

Top non-repeatable levels by time:
     D:6: 1934 daAuts
     D:5: 1158 daAuts
     D:2: 1125 daAuts
     D:1: 908 daAuts
     D:4: 735 daAuts
     D:3: 723 daAuts
     D:7: 259 daAuts
  Temple: 98 daAuts
